 Dungeon Crawl Stone Soup version 0.29-a0-892-g2c4c91d9db (console) character file.

Game seed: 12134224985036694232

2622 CannotBeFrozen the Stinger (level 9, -6/67 HPs)
             Began as a Demigod Wanderer on July 23, 2022.
             Killed by vampiric draining
             ... invoked by a vampire
              (9 damage)
             ... on level 7 of the Dungeon.
             The game lasted 00:41:14 (13125 turns).

CannotBeFrozen the Stinger (Demigod Wanderer)      Turns: 13125, Time: 00:41:15

Health: -6/67      AC: 14    Str: 20    XL:     9   Next: 12%
Magic:  15/21      EV:  9    Int: 20    God:
Gold:   523        SH:  0    Dex: 12    Spells: 11/19 levels left

rFire   . . .      SeeInvis .   a - +2 short sword (speed)
rCold   . . .      Faith    .   (no shield)
rNeg    . . .      Spirit   .   j - +3 scale mail {rPois}
rPois   +          Reflect  .   w - +0 helmet
rElec   .          Harm     .   E - +0 cloak
rCorr   .          Rampage  .   y - +0 pair of gloves
Will    .....                   z - +0 pair of boots
Stlth   ..........              (no amulet)
HPRegen 0.21/turn               (no ring)
MPRegen 0.17/turn               (no ring)

@: no status effects
A: high MP 1, forlorn, divine attributes
a: no special abilities


You were on level 7 of the Dungeon.
You visited 1 branch of the dungeon, and saw 8 of its levels.
You also visited: Sewer.

You collected 523 gold pieces.

Inventory:

Hand Weapons
 a - a +2 short sword of speed (weapon)
 b - a +0 morningstar of venom
 f - a +3 dire flail of protection
Missiles
 e - 16 poisoned darts
 G - 6 curare-tipped darts {=f=F}
Armour
 j - a +3 scale mail of poison resistance (worn)
 w - a +0 helmet (worn)
 y - a +0 pair of gloves (worn)
 z - a +0 pair of boots (worn)
 E - a +0 cloak (worn)
Jewellery
 m - a ring of fire
Wands
 i - a wand of paralysis (16)
 r - a wand of flame (23)
 H - a wand of digging (10)
 K - a wand of mindburst (9)
Scrolls
 t - 2 scrolls of amnesia
 u - a scroll of identify {@r1}
 x - 2 scrolls of summoning
 C - a scroll of enchant armour
 D - a scroll of fear
 I - a scroll of magic mapping
 J - a scroll of torment {unknown}
Potions
 c - 2 potions of berserk rage {unknown}
 g - 6 potions of curing {@q1}
 h - 2 potions of might {unknown}
 k - 5 potions of brilliance
 l - 3 potions of haste {unknown}
 n - a potion of ambrosia {unknown}
 o - a potion of flight {unknown}
 p - a potion of invisibility {unknown}
 q - a potion of degeneration {unknown}
 s - a potion of attraction {unknown}
 v - a potion of resistance
 A - 4 potions of heal wounds {@q2}
 B - a potion of magic {unknown}
 F - 2 potions of mutation {unknown}
Miscellaneous
 d - a piece from Xom's chessboard (15/15)


   Skills:
 - Level 2.0 Fighting
 - Level 0.6 Maces & Flails
 - Level 4.0 Armour
 + Level 5.9 Spellcasting
 - Level 2.0 Conjurations
 + Level 6.7 Air Magic
 + Level 6.8 Poison Magic
 - Level 1.0 Evocations


You had 11 spell levels left.
You knew the following spells:

 Your Spells              Type           Power      Damage    Failure   Level
d - Static Discharge      Conj/Air       23%        3-6/arc   8%          2
i - Ignite Poison         Fire/Tmut/Pois 15%        N/A       34%         3
s - Sting                 Tmut/Pois      76%        1d6       7%          1
v - Poisonous Vapours     Pois/Air       66%        N/A       2%          2

Your spell library contained the following spells:

 Spells                   Type           Power      Damage    Failure   Level
 Olgreb's Toxic Radiance  Pois           33%        N/A       17%         4
 Passwall                 Tmut/Erth      4%         N/A       41%         2
 Call Canine Familiar     Summ           5%         N/A       65%         3
 Portal Projectile        Hex/Tloc       10%        N/A       65%         3
 Leda's Liquefaction      Hex/Erth       2%         N/A       96%         4
 Ozocubu's Refrigeration  Ice            2%         4d5       100%        7
 Ignition                 Fire           2%         3d3       100%        8
 Summon Horrible Things   Summ           2%         N/A       100%        8


Dungeon Overview and Level Annotations

Branches:
Dungeon (8/15)             Temple (0/1) D:6           Sewer (visited)
   Lair: D:8-11


Innate Abilities, Weirdness & Mutations

You have an increased reservoir of magic. (+10% MP)
You shall have no god before yourself.
Your divine heritage dramatically boosts your attributes as you level up.


Message History

HP: 65/67 (-2) ===========- You feel less confused.
Something hits you. Something bites you but does no damage.
HP: 60/67 (-5) ==========--
Casting: Poisonous Vapours (safe; 2% risk of failure)
Confirm with . or Enter, or press ? or * to list all spells.
You can't see any susceptible monsters within range! (Use Z to cast anyway.)
Casting: Poisonous Vapours (safe; 2% risk of failure)
Confirm with . or Enter, or press ? or * to list all spells.
Something is struck by an arc of lightning.
You are struck by an arc of lightning.
Something is struck by an arc of lightning.
You are struck by an arc of lightning.
The lightning grounds out.
Something hits you! Something bites you but does no damage.
HP: 49/67 (-11) MP: 19/21 (-2) ========---- !
Casting: Static Discharge (safe; 8% risk of failure)
Confirm with . or Enter, or press ? or * to list all spells.
Something is struck by an arc of lightning!
You are struck by an arc of lightning.
Something is struck by an arc of lightning.
You are struck by an arc of lightning.
The lightning grounds out.
Something draws life force from you!
* * * LOW HITPOINT WARNING * * *
HP: 29/67 (-20) MP: 17/21 (-2) =====------- !!
Casting: Static Discharge (safe; 8% risk of failure)
Confirm with . or Enter, or press ? or * to list all spells.
Something is struck by an arc of lightning!
You are struck by an arc of lightning.
* * * LOW HITPOINT WARNING * * *
Something is struck by an arc of lightning!
You are struck by an arc of lightning.
* * * LOW HITPOINT WARNING * * *
The lightning grounds out.
Something draws life force from you!
* * * LOW HITPOINT WARNING * * *
HP: 13/67 (-16) MP: 15/21 (-2) ==---------- !!
You hit something. Your punch misses something.
Something draws life force from you!
* * * LOW HITPOINT WARNING * * *
HP: 3/67 (-10) ------------ !
You hit something but do no damage. Something draws life force from you!
You die...

###### ####### #....#
##....@####### #....#
#..###{......## ######....#
#>## #######..#
###.......>##### #.# ##.##
##..........##... #.#
#..####................ #.#
##.#................<.. #.#
#....###............... #.#
###...## #............... ..
###.#
#...#.####.....#.>.#.....
#.###...#
###...........########.....
#..#..###
###............###...........


There were no monsters in sight!

Vanquished Creatures
  Edmund (D:4)
  An ice beast (D:7)
  2 orc warriors
  A sky beast (D:7)
  An ogre (D:5)
  A phantom (D:3)
  5 bullfrogs
  3 necrophages
  2 howler monkeys
  4 jellies
  5 hounds
  4 orc priests
  3 gnoll boudas
  Terence (D:3)
  3 iguanas
  Natasha (thrice) (D:3)
  8 orc wizards
  Robin (D:4)
  12 adders
  19 gnolls
  6 river rats (Sewer)
  A shadow imp (D:6)
  A white imp (D:6)
  2 worms (D:2)
  A dart slug (D:2)
  22 orcs
  9 ball pythons
  6 bats
  6 endoplasms
  5 giant cockroaches
  13 goblins
  10 hobgoblins
  8 jackals
  19 kobolds
  3 quokkas (D:4)
  3 frilled lizards
  18 rats
213 creatures vanquished.

Notes
Turn   | Place    | Note
-------+----------+-------------------------------------------
     0 | D:1      | CannotBeFrozen the Demigod Wanderer began the quest for the
                  | Orb.
     0 | D:1      | CannotBeFrozen set off with the following items: a +0 club,
                  | a potion of brilliance, a +0 robe, a piece from Xom's
                  | chessboard (15/15); and the following spell memorised:
                  | Sting; and the following spells available to memorise:
                  | Poisonous Vapours, Static Discharge, Ignite Poison,
                  | Olgreb's Toxic Radiance.
     0 | D:1      | Reached XP level 1. HP: 14/14 MP: 4/4
   587 | D:1      | Reached XP level 2. HP: 19/20 MP: 1/7
   758 | D:1      | Learned a level 2 spell: Poisonous Vapours
  1793 | D:2      | Reached XP level 3. HP: 21/27 MP: 9/9
  1985 | D:2      | Reached skill level 1 in Fighting
  2094 | D:2      | Identified the +7 dagger of a sewer {vorpal, *Slow rN+
                  | Str+5 Int+3}
  2185 | D:2      | Reached skill level 1 in Armour
  2780 | D:2      | Reached XP level 4. HP: 30/35 MP: 10/10
  2940 | D:2      | Learned a level 3 spell: Ignite Poison
  3668 | D:3      | Noticed Natasha
  3871 | D:3      | Killed Natasha
  4055 | D:3      | Identified the +1 robe "Oggag" {+Blink rC++ Int-3 Stlth+}
  4123 | D:3      | Noticed Terence
  4156 | D:3      | Killed Terence
  4157 | D:3      | Reached XP level 5. HP: 35/40 MP: 7/12
  4221 | D:3      | Noticed Natasha
  4237 | D:3      | Killed Natasha
  4555 | D:3      | Noticed Natasha
  4568 | D:3      | Killed Natasha
  4902 | D:3      | Reached XP level 6. HP: 20/47 MP: 13/13
  5358 | D:4      | Got Roverph's Incunable of Collective Minerals
  5407 | D:4      | Reached skill level 5 in Air Magic
  5582 | D:4      | Reached skill level 5 in Poison Magic
  6059 | D:4      | Noticed Robin
  6074 | D:4      | Killed Robin
  6252 | D:4      | Noticed Edmund
  6280 | D:4      | Killed Edmund
  6281 | D:4      | Reached XP level 7. HP: 36/55 MP: 6/15
  6612 | D:5      | Entered Level 5 of the Dungeon
  6717 | D:5      | Found a glowing drain.
  6759 | Sewer    | Entered a sewer
  9258 | D:5      | Learned a level 2 spell: Static Discharge
  9279 | D:6      | Found a staircase to the Ecumenical Temple.
  9576 | D:6      | Reached XP level 8. HP: 61/61 MP: 4/17
  9918 | D:6      | Reached skill level 1 in Conjurations
 11031 | D:7      | Reached skill level 5 in Spellcasting
 12278 | D:7      | Reached XP level 9. HP: 67/67 MP: 15/21
 12483 | D:7      | Paralysed by an orc wizard for 3 turns
 13124 | D:7      | HP: 3/67 [something (10)]
 13125 | D:7      | Killed from afar by a vampire

Illustrated notes

Levels and vault maps discovered:
D:1:      zaba_arrival_water, layout_basic, shapermc_ecumenical_altar_acropolis
D:2:      layout_basic
D:3:      layout_rooms, bloody_makhleb, minmay_overflow_temple_star_hex,
          uniq_terence, uniq_natasha
D:4:      layout_basic, amcnicky_altar_gilded, general_overflow_altar,
          uniq_edmund, uniq_robin
D:5:      layout_loops_corners, mainiacjoe_overflow_six_doors_small,
          portal_sewer_entry_d, chequers_serial_rivers_small_3,
          grunt_ministairs_1
D:6:      layout_loops_corners, minmay_temple_entry_gardened_gates
D:7:      layout_rooms
D:8:      layout_basic, kennysheep_mini_moat

Skill      XL: |  1  2  3  4  5  6  7  8 |
---------------+-------------------------+-----
Spellcasting   | 2 3 4 5 |  5.9
Fighting       | 1 2 |  2.0
Armour         | 1 2 4 |  4.0
Air Magic      | 4 5 6 |  6.7
Poison Magic   | 4 5 6 |  6.8
Conjurations   | 2 |  2.0
Maces & Flails | |  0.6
Evocations     | |  1.0

Action                   |  1- 3 |  4- 6 |  7- 9 || total
-------------------------+-------+-------+-------++-------
Melee: Club              |    10 |       |       ||    10
       Short sword       |    52 |   226 |   280 ||   558
       Morningstar       |    44 |    75 |       ||   119
       Dagger            |     6 |       |       ||     6
       Punch             |     2 |     3 |     2 ||     7
Throw: Dart              |     6 |    13 |       ||    19
 Cast: Sting             |    30 |     1 |     2 ||    33
       Poisonous Vapours |     5 |    11 |   211 ||   227
       Static Discharge  |       |       |    13 ||    13
Evoke: Piece from Xom's  |     7 |     3 |       ||    10
       Wand              |       |       |     7 ||     7
  Use: Scroll            |     2 |     4 |     7 ||    13
       Potion            |     1 |     2 |     1 ||     4
Armor: Robe              |     9 |       |       ||     9
       Scale mail        |    45 |   128 |   182 ||   355
Dodge: Dodged            |    59 |   140 |   166 ||   365

Table legend: (Time is in decaauts)
 A = Elapsed time spent in this place.
 B = Non-inter-level travel time spent in this place.
 C = Inter-level travel time spent in this place.
 D = Time resting spent in this place.
 E = Time spent auto-exploring this place.
 F = Levels seen in this place.
 G = Mean time per level.
                   A        B        C        D        E       F      G
               +--------+--------+--------+--------+--------+-----+--------+
         Total |  13087 |  12818 |    269 |   4589 |   5322 |   9 | 1454.1 |
       Dungeon |  11793 |  11524 |    269 |   4226 |   4744 |   8 | 1474.1 |
         Sewer |   1294 |   1294 |      0 |    363 |    578 |   1 | 1294.0 |
               +--------+--------+--------+--------+--------+-----+--------+

Top non-repeatable levels by time:
     D:6: 2273 daAuts
     D:2: 1856 daAuts
     D:3: 1733 daAuts
     D:1: 1608 daAuts
     D:7: 1500 daAuts
     D:4: 1419 daAuts
     D:5: 1362 daAuts
   Sewer: 1294 daAuts
     D:8: 38 daAuts
